AoeStats
← [CL] Al3jandr0.magn00

Enclosed

505281956Analyzed
1v1 RM · 24d ago on Sep 8, 2026· 27m 45s· 2 players
Game mode
Random Map
Map size
Tiny (2 player)
Population
200
Speed
Normal
Resources
Standard
Victory
Conquest
Starting age
Dark Age
Ending age
Imperial Age
RankedLock teamsTeams togetherTeam positionsShared explorationLock speedFull tech treeHidden civsTurbo modeCheats
Victory
Defeat
🇦🇷 Teutons · Argentina
1945
+11
🇨🇴 Mongols · Colombia
1825
-11
Matazombies
8:00 Feudal Age
7:22 Loom
8:48 Double-Bit Axe
20:23 Castle Age
20:37 Castle Age
18:23 Horse Collar
18:50 Fletching
25:06 Bow Saw
24:58 Padded Archer Armor
25:41 Bodkin Arrow
26:51 Ballistics
[CL] Al3jandr0.magn00
4:59 Loom
8:24 Feudal Age
8:55 Double-Bit Axe
16:15 Forging
16:11 Scale Barding Armor
19:02 Bloodlines
22:49 Castle Age
24:34 Fletching
25:13 Bodkin Arrow
25:43 Bow Saw
26:19 Wheelbarrow
25:48 Elite Skirmisher
26:50 Padded Archer Armor
26:59 Town Watch
27:30 Horse Collar
Connection lost

Rejoining the realm…

Still unreachable

The connection could not be restored.

Session expired

The server has moved on; the page needs a fresh start.